 Dungeon Crawl Stone Soup version 0.28-a0-909-g796cbd3a86 (webtiles) character file.

Game seed: 8698489942360787900

4 Willy the Poker (level 1, -1/28 HPs)
             Began as a Minotaur Berserker on Nov 24, 2021.
             Was a Follower of Trog.
             Succumbed to a goblin's poison
             ... on level 1 of the Dungeon.
             The game lasted 00:02:05 (129 turns).

Willy the Poker (Minotaur Berserker)                 Turns: 129, Time: 00:02:06

Health: -1/28      AC:  2    Str: 21    XL:     1   Next: 50%
Magic:  0/0        EV: 12    Int:  4    God:    Trog [*.....]
Gold:   0          SH:  0    Dex:  9    Spells: 0/0 levels left

rFire   . . .      SeeInvis .   a - +0 spear
rCold   . . .      Faith    .   (no shield)
rNeg    . . .      Spirit   .   b - +0 animal skin
rPois   .          Reflect  .   (helmet restricted)
rElec   .          Harm     .   (no cloak)
rCorr   .          Rampage  .   (no gloves)
Will    .....                   (no boots)
Stlth   ..........              (no amulet)
HPRegen 0.09/turn               (no ring)
MPRegen 0.07/turn               (no ring)

@: berserking (expiring), lethally poisoned (-1 -> -12), very quick
A: horns 2, retaliatory headbutt
a: Renounce Religion, Berserk


You were on level 1 of the Dungeon.
You worshipped Trog.
Trog was aware of your devotion.
You visited 1 branch of the dungeon, and saw 1 of its levels.

Inventory:

Hand Weapons
 a - a +0 spear (weapon)
Armour
 b - a +0 animal skin (worn)
Scrolls
 d - a scroll of noise {unknown}


   Skills:
 * Level 3.6 Fighting
 * Level 0.3(2.2) Axes
 * Level 3.7 Polearms
 * Level 2.5 Armour
 * Level 2.2 Dodging


You couldn't memorise any spells.
You didn't know any spells.
Your spell library was empty.

Dungeon Overview and Level Annotations

Branches:
Dungeon (1/15)

Altars:

Shops:
D:1 *


Innate Abilities, Weirdness & Mutations

You have a pair of horns on your head.
You reflexively headbutt those who attack you in melee.


Message History

Aim: a rat (about 41% to evade your +0 spear)
You reach to attack!
You puncture the rat!
You kill the rat!
Trog accepts your kill.
There is a stone staircase leading down here.
A goblin comes into view. It is wielding a +1 dagger of venom.
You throw a stone. The stone barely misses the goblin.
You closely miss the goblin.
The goblin hits you with a +1 dagger of venom.
You are poisoned.
You barely miss the goblin.
You feel very sick.
The goblin hits you with a +1 dagger of venom.
You are lethally poisoned!
You barely miss the goblin.
You feel very sick. The goblin closely misses you. You furiously retaliate!
You headbutt the goblin. You hit the goblin.
You headbutt the goblin, but do no damage.
The goblin is severely wounded.
You feel sick.
The goblin hits you with a +1 dagger of venom.
You are more poisoned.
A red film seems to cover your vision as you go berserk!
You feel yourself moving faster!
You feel mighty!
* * * LOW HITPOINT WARNING * * *
You feel very sick. The goblin barely misses you.
You barely miss the goblin. You headbutt the goblin.
You kill the goblin!
Trog accepts your kill.
* * * LOW HITPOINT WARNING * * *
You feel sick.
Found a short sword.
* * * LOW HITPOINT WARNING * * *
You feel sick.
You see here a +1 dagger of venom.
You feel a strong urge to attack something.
You die...

...#.#### ##.
##.........# .# #.. ..
#.#.##.#### ...# ##.##.#
#.#........ ...##..#..
#.#.##...#. # #.#.....#
#.#.####.## #.#.......#
#...# #...
#.........#####..########
#......)@...........#####
)..##...............##...
#.....#.........##...
#.....#.......^......
#.#####.........##... #.#
#.........##... #.#
##.........##...
#.####...............
#####>.....###########...


There were no monsters in sight!

Vanquished Creatures
  A ball python (D:1)
  2 goblins (D:1)
  A kobold (D:1)
  A rat (D:1)
5 creatures vanquished.

Notes
Turn   | Place    | Note
-------+----------+-------------------------------------------
     0 | D:1      | Willy the Minotaur Berserker began the quest for the Orb.
     0 | D:1      | Reached XP level 1. HP: 19/19 MP: 0/0
    48 | D:1      | Found Holialu's General Store.
   128 | D:1      | HP: 1/28 [poisoned by a goblin]
   129 | D:1      | Succumbed to a goblin's poison

Illustrated notes

Levels and vault maps discovered:
D:1:      erik_arrival_orb_chamber, layout_rooms, serial_shops, shop

Action                   || total
-------------------------++-------
Melee: Spear             ||    11
       Headbutt          ||     2
Throw: Stone             ||     2
Invok: Berserk           ||     1
Dodge: Dodged            ||     2

Table legend: (Time is in decaauts)
 A = Elapsed time spent in this place.
 B = Non-inter-level travel time spent in this place.
 C = Inter-level travel time spent in this place.
 D = Time resting spent in this place.
 E = Time spent auto-exploring this place.
 F = Levels seen in this place.
 G = Mean time per level.
                   A        B        C        D        E       F      G
               +--------+--------+--------+--------+--------+-----+--------+
         Total |    127 |    127 |      0 |      0 |     92 |   1 |  127.0 |
       Dungeon |    127 |    127 |      0 |      0 |     92 |   1 |  127.0 |
               +--------+--------+--------+--------+--------+-----+--------+

Top non-repeatable levels by time:
     D:1: 127 daAuts
